 Dungeon Crawl Stone Soup version 0.31.0-32-g396128a36d (webtiles) character file.

Game seed: 10052556434545175181

9625 PaiMei the Fighter (level 11, -14/138 HPs)
             Began as a Demonspawn Necromancer on Mar 20, 2024.
             Was a Priest of Kikubaaqudgha.
             Demolished by an ogre
             ... wielding a +0 giant spiked club
             ... led by Lodul
              (17 damage)
             ... on level 10 of the Dungeon.
             The game lasted 00:22:39 (13502 turns).

PaiMei the Fighter (Demonspawn Necromancer)        Turns: 13502, Time: 00:22:39

Health: -14/138    AC: 16    Str: 11    XL:     11   Next: 25%
Magic:  2/23       EV: 15    Int: 21    God:    Kikubaaqudgha [***...]
Gold:   426        SH:  6    Dex: 15    Spells: 4/26 levels left

rFire   . . .        I - +3 mace (freeze)
rCold   . . .        B - +2 buckler
rNeg    . . .        N - +0 steam dragon scales
rPois   .            D - +0 helmet
rElec   .            (cloak unavailable)
rCorr   .            M - +2 pair of gloves of the Sneaky Seas {Str+3 Int+2}
SInv    .            W - +2 pair of boots
Will    +....        (no amulet) Stlth
                     e - ring of willpower
HPRegen 0.43/turn    v - +4 ring of protection
MPRegen 0.18/turn

%: no passive effects
@: berserking, on fire, glowing, studying Fighting, very quick
A: spiny 2, sturdy frame 2, demonic magic 1, weakness stinger 3
a: Renounce Religion, Unearth Wretches


You were on level 10 of the Dungeon.
You worshipped Kikubaaqudgha.
Kikubaaqudgha was most pleased with you.
You visited 2 branches of the dungeon, and saw 13 of its levels.

You collected 678 gold pieces.
You spent 252 gold pieces at shops.

Inventory:

Hand Weapons
 c - a +2 heavy mace
 C - a +3 spear of venom
 I - a +3 mace of freezing (weapon)
Missiles
 i - 2 curare-tipped darts (quivered)
 n - 40 poisoned darts
 s - a throwing net
Armour
 B - a +2 buckler (worn)
 D - a +0 helmet (worn)
 M - the +2 pair of gloves of the Sneaky Seas (worn) {Str+3 Int+2}
   (You found it on level 7 of the Dungeon)

   Str+3:     It affects your strength (+3).
   Int+2:     It affects your intelligence (+2).
 N - +0 steam dragon scales (worn)
 R - a +1 scale mail of poison resistance
 W - a +2 pair of boots (worn)
Jewellery
 e - a ring of willpower (left hand)
 k - a +6 ring of strength
 v - a +4 ring of protection (right hand)
 J - a ring of protection from fire
 K - a ring of see invisible
 T - a ring of wizardry
Wands
 d - a wand of flame (26)
 q - a wand of roots (7)
 t - a wand of paralysis (19)
 L - a wand of acid (2)
Scrolls
 g - 14 scrolls of identify {unknown}
 j - a scroll of revelation {unknown}
 l - a scroll of fear {unknown}
 p - 4 scrolls of immolation {unknown}
 r - 3 scrolls of amnesia {unknown}
 u - 3 scrolls of vulnerability {unknown}
 x - 2 scrolls of teleportation {unknown}
 y - a scroll of acquirement {unknown}
 A - a scroll of blinking {unknown}
 F - 2 scrolls of enchant weapon {unknown}
 H - 2 scrolls of enchant armour {unknown}
 S - a scroll of summoning {unknown}
 V - a scroll of poison {unknown}
Potions
 a - 2 potions of degeneration {unknown}
 b - 4 potions of magic
 f - 2 potions of cancellation {unknown}
 h - 2 potions of ambrosia {unknown}
 m - 2 potions of might {unknown}
 o - 4 potions of berserk rage
 w - 3 potions of invisibility {unknown}
 z - a potion of brilliance {unknown}
 E - 2 potions of mutation {unknown}
 G - 7 potions of curing
 O - a potion of heal wounds {unknown}
 P - a potion of lignification {unknown}
 Q - a potion of enlightenment {unknown}
 U - 2 potions of haste


   Skills:
 + Level 10.8 Fighting
 + Level 8.4 Dodging
 - Level 2.4 Stealth
 + Level 8.4 Spellcasting
 + Level 10.7 Necromancy


You had 4 spell levels left.
You knew the following spells:

 Your Spells              Type           Power      Damage    Failure   Level
a - Necrotise             Necr           100%       1d9       1%          1
b - Vampiric Draining     Necr           52%        2d9       1%          3
c - Animate Dead          Necr           52%        N/A       1%          4
d - Curse of Agony        Necr           52%        N/A       3%          5
e - Dispel Undead         Necr           52%        3d19      1%          4
f - Borgnjor's Vile Clut  Necr/Erth      15%        N/A       34%         5

Your spell library contained the following spells:

 Spells                   Type           Power      Damage    Failure   Level
 Sublimation of Blood     Necr           52%        N/A       1%          2
 Cigotuvi's Dreadful Rot  Necr/Alch/Air  46%        N/A       3%          2
 Sandblast                Erth           16%        2d6       11%         1
 Martyr's Knell           Necr/Summ      31%        N/A       12%         4
 Dazzling Flash           Conj/Hex       16%        N/A       32%         3
 Mephitic Cloud           Conj/Alch/Air  8%         N/A       32%         3
 Passwall                 Erth           8%         N/A       32%         3
 Stone Arrow              Conj/Erth      16%        3d8       32%         3
 Volatile Blastmotes      Fire/Tloc      16%        2d11      32%         3
 Animate Armour           Summ/Erth      16%        N/A       73%         4
 Brom's Barrelling Bould  Conj/Erth      8%         2d3       73%         4
 Fulminant Prism          Conj/Alch      4%         3d5       73%         4
 Iskenderun's Mystic Bla  Conj/Tloc      8%         2d4       73%         4
 Death Channel            Necr           26%        N/A       21%         6
 Silence                  Hex/Air        4%         N/A       97%         5
 Lehudib's Crystal Spear  Conj/Erth      4%         10d3      100%        8


Dungeon Overview and Level Annotations

Branches:
Dungeon (12/15)            Temple (1/1) D:5
   Lair: D:8-11         Orc: D:9-12

Altars:
Ashenzari
Cheibriados
Dithmenos
Fedhas
Gozag
Hepliaklqana
Kikubaaqudgha
Makhleb
Nemelex Xobeh
Okawaru
Qazlal
Ru
Sif Muna
Trog
Uskayaw
Vehumet
Wu Jian
Xom
Yredelemnul

Shops:
D:1 ([((=   D:4 (   D:8 :   D:9 !

Annotations:
D:2 Sigmund
D:3 3 runed translucent doors, Alphaeus's ghost, amateur TrSh
D:8 exclusion: oklob plant


Innate Abilities, Weirdness & Mutations

You are mostly covered in sharp spines.
Your movements are less encumbered by armour. (ER -4)
Spells you cast may paralyse adjacent enemies.
You have a sharp stinger which inflicts weakening toxins.


Message History

You hit the ogre. You freeze the ogre.
The ogre is heavily wounded.
The deep elf pyromancer casts a spell.
The ogre barely misses you.
You hit the ogre. You freeze the ogre.
The ogre is severely wounded.
The ogre hits you with a +0 giant club!
* * * LOW HITPOINT WARNING * * *
Casting: Vampiric Draining (safe; 1% risk of failure)
Confirm with . or Enter, or press ? or * to list all spells.
You don't have enough magic to cast this spell.
It was a potion of berserk rage.
A red film seems to cover your vision as you go berserk!
You feel yourself moving faster!
You feel mighty!
You sock the deep elf pyromancer! You freeze the deep elf pyromancer.
You tail-slap the deep elf pyromancer!
The deep elf pyromancer looks weaker.
The deep elf pyromancer is heavily wounded.
The deep elf pyromancer is struck by your spines.
The deep elf pyromancer barely misses you.
The ogre is struck by your spines.
The ogre hits you with a +0 giant club!!
* * * LOW HITPOINT WARNING * * *
You barely miss the ogre. You tail-slap the ogre.
You kill the ogre!
Kikubaaqudgha accepts your kill.
The deep elf pyromancer casts a spell at you.
The pyre arrow hits you.
You are covered in intense liquid fire!
You hit the deep elf pyromancer. You freeze the deep elf pyromancer.
The deep elf pyromancer is severely wounded.
The liquid fire burns you!
* * * LOW HITPOINT WARNING * * *
The deep elf pyromancer gestures wildly while chanting.
The deep elf pyromancer blinks!
You completely miss the ogre. The liquid fire burns you!
* * * LOW HITPOINT WARNING * * *
The ogre hits you with a +0 giant spiked club!
You die...
Kikubaaqudgha rasps: "You have failed me!
Welcome... death!"

##........#########.....
#....................... ...
##.......†..............O .. ....
#........................ ..#
...##......#####.............
...#...#.......#...#..>..O.......
...##.##.......#...#.............
....#.#......°EO$..#.......$.....
....#.#......°.#@..#..OO.........
...............#...#.............
..............O#####.............
................>.O..O...........
.........(.......e##########.....
#.......#+###.....# #.....
######..# #.....# ..... #..#
#.....# ..... #..# #.....# ...


You could see a fire elemental (summoned) and an ogre.

Vanquished Creatures
  A two-headed ogre (D:9)
  Lodul (D:10)
  2 ugly things (D:12)
  A manticore (D:11)
  A cyclops (D:12)
  A kobold demonologist (D:11)
  2 slime creatures
  A shadow (D:11)
  A vampire (D:10)
  8 yaks
  A steam dragon (D:8)
  2 wraiths
  3 water moccasins
  2 black bears
  An ice beast (D:5)
  2 orc warriors (D:8)
  7 ogres
  3 centaurs
  A phantom (D:5)
  2 kobold brigands
  5 bullfrogs
  3 gnoll sergeants
  2 scorpions
  11 wights
  6 killer bees (D:9)
  4 howler monkeys
  A bombardier beetle (D:6)
  4 hounds
  5 jellies
  3 orc priests
  A gnoll bouda (D:7)
  6 iguanas
  10 orc wizards
  14 gnolls
  3 adders
  A shadow imp (D:7)
  2 ufetubi (D:5)
  A dart slug (D:1)
  A ribbon worm (D:2)
  35 orcs
  19 endoplasms
  A giant cockroach (D:1)
  4 goblins
  11 hobgoblins
  8 jackals
  3 quokkas
  6 ball pythons
  5 bats
  A frilled lizard (D:3)
  14 kobolds
  6 rats
239 creatures vanquished.

Vanquished Creatures (collateral kills)
  An orc (D:4)
  An endoplasm (D:3)
  A giant cockroach (D:4)
  2 jackals
  A rat (D:1)
6 creatures vanquished.

Vanquished Creatures (others)
  An orc wizard (D:11)
1 creature vanquished.

Grand Total: 246 creatures vanquished

Notes
Turn   | Place    | Note
-------+----------+-------------------------------------------
     0 | D:1      | PaiMei the Demonspawn Necromancer began the quest for the
                  | Orb.
     0 | D:1      | Reached XP level 1. HP: 13/13 MP: 3/3
   125 | D:1      | Found Vuggul's Antique Weapon Emporium.
   128 | D:1      | Found Limor's Armour Shoppe.
   249 | D:1      | Gained mutation: Your movements are slightly less
                  | encumbered by armour. (ER -2) [demonic ancestry]
   249 | D:1      | Reached XP level 2. HP: 19/19 MP: 0/5
   306 | D:1      | Found Plog's Antique Weapon Emporium.
   431 | D:1      | Found a transporter.
   431 | D:1      | Found Repuum's Jewellery Boutique.
   693 | D:1      | Found Kuetuu's Antique Weapon Shop.
   809 | D:1      | Gained mutation: You are partially covered in sharp spines.
                  | [demonic ancestry]
   809 | D:1      | Reached XP level 3. HP: 23/24 MP: 0/6
   937 | D:1      | Found a transporter.
  1689 | D:2      | Noticed Sigmund
  1764 | D:2      | Learned a level 3 spell: Vampiric Draining
  2679 | D:3      | Gained mutation: You have a small tail. [demonic ancestry]
  2679 | D:3      | Reached XP level 4. HP: 31/31 MP: 3/7
  2817 | D:3      | Found a runed translucent gate.
  2817 | D:3      | Found a runed translucent gate.
  2817 | D:3      | Found a runed translucent gate.
  2817 | D:3      | Noticed Alphaeus's ghost (amateur TrSh)
  2818 | D:3      | Identified the +5 whip of the Fulmar {spect, rF+}
  3088 | D:3      | Found a shimmering altar of Xom.
  3365 | D:4      | Reached skill level 1 in Fighting
  3365 | D:4      | Reached skill level 5 in Necromancy
  3457 | D:4      | Gained mutation: You have a tail ending in a sharp stinger.
                  | [demonic ancestry]
  3457 | D:4      | Reached XP level 5. HP: 6/37 MP: 4/9
  3599 | D:4      | Found Jeuxi's Weapon Shop.
  4439 | D:5      | Entered Level 5 of the Dungeon
  4439 | D:5      | Noticed a phantom
  4447 | D:4      | Learned a level 4 spell: Animate Dead
  4564 | D:5      | Noticed a water moccasin
  4645 | D:5      | Gained mutation: Spells you cast may paralyse adjacent
                  | enemies. [demonic ancestry]
  4645 | D:5      | Reached XP level 6. HP: 44/44 MP: 4/11
  4712 | D:5      | Found a staircase to the Ecumenical Temple.
  4718 | D:5      | Noticed an ice beast
  5112 | D:5      | Killed an ice beast
  5166 | Temple   | Entered the Ecumenical Temple
  5218 | Temple   | Became a worshipper of Kikubaaqudgha
  5418 | D:5      | Killed a water moccasin
  5419 | D:5      | Gained mutation: You are mostly covered in sharp spines.
                  | [demonic ancestry]
  5419 | D:5      | Reached XP level 7. HP: 52/52 MP: 2/12
  6585 | D:6      | Reached XP level 8. HP: 53/60 MP: 5/14
  6927 | D:6      | Reached skill level 5 in Dodging
  6927 | D:6      | Reached skill level 5 in Spellcasting
  7123 | D:6      | Reached * piety under Kikubaaqudgha
  7123 | D:6      | Received a gift from Kikubaaqudgha
  7820 | D:6      | Found a sparkling altar of Nemelex Xobeh.
  7997 | D:7      | Reached skill level 5 in Fighting
  8426 | D:7      | Identified the +2 pair of gloves of the Sneaky Seas {Str+3
                  | Int+2}
  8783 | D:7      | Found an iron altar of Okawaru.
  8889 | D:7      | Noticed a slime creature
  8900 | D:7      | Gained mutation: Your movements are less encumbered by
                  | armour. (ER -4) [demonic ancestry]
  8900 | D:7      | Reached XP level 9. HP: 67/68 MP: 14/17
  9529 | D:8      | Found a stormy altar of Qazlal.
 10045 | D:8      | Reached ** piety under Kikubaaqudgha
 10445 | D:8      | Found Qoseshan's Book Shop.
 10534 | D:8      | Noticed an oklob plant
 11091 | D:8      | Learned a level 5 spell: Curse of Agony
 11096 | D:8      | Learned a level 4 spell: Dispel Undead
 11243 | D:9      | Noticed a two-headed ogre
 11253 | D:9      | Killed a two-headed ogre
 11254 | D:9      | Gained mutation: You have a sharp stinger which inflicts
                  | weakening toxins. [demonic ancestry]
 11254 | D:9      | Reached XP level 10. HP: 68/80 MP: 12/20
 11478 | D:9      | Found Ugineb's Distillery.
 11498 | D:9      | Identified the +1 dagger "Joimn" {vamp, rF+ rCorr Int+3}
 11669 | D:9      | Found a snail-covered altar of Cheibriados.
 12010 | D:9      | Bought a potion of curing for 36 gold pieces
 12010 | D:9      | Bought a potion of haste for 120 gold pieces
 12010 | D:9      | Bought a potion of magic for 96 gold pieces
 12120 | D:9      | You fall into a shaft and drop 3 floors!
 12259 | D:12     | Noticed a cyclops
 12349 | D:12     | Noticed a boulder beetle
 12350 | D:12     | Noticed a boulder beetle
 12350 | D:12     | Noticed a rakshasa
 12363 | D:12     | Noticed a fire dragon
 12363 | D:12     | Noticed a great orb of eyes
 12365 | D:12     | Noticed a meliai
 12374 | D:12     | Noticed a green ugly thing
 12386 | D:12     | Noticed a centaur warrior
 12389 | D:12     | Noticed a manticore
 12391 | D:12     | Noticed a tengu warrior
 12392 | D:12     | Noticed a manticore
 12394 | D:12     | Noticed a manticore
 12399 | D:12     | Killed a green ugly thing
 12479 | D:12     | Noticed a red ugly thing
 12504 | D:12     | Killed a red ugly thing
 12519 | D:12     | Reached skill level 10 in Necromancy
 12664 | D:12     | Noticed a cyclops
 12697 | D:12     | Killed a cyclops
 12759 | D:12     | Noticed an ogre mage
 12781 | D:12     | Noticed a two-headed ogre
 12794 | D:11     | Noticed a manticore
 12796 | D:11     | Reached skill level 10 in Fighting
 12910 | D:11     | Killed a manticore
 12990 | D:11     | Reached XP level 11. HP: 72/91 MP: 18/23
 13105 | D:10     | Entered Level 10 of the Dungeon
 13134 | D:10     | Reached *** piety under Kikubaaqudgha
 13134 | D:10     | Received a gift from Kikubaaqudgha
 13264 | D:10     | Learned a level 5 spell: Borgnjor's Vile Clutch
 13398 | D:10     | Noticed a deep elf pyromancer
 13449 | D:10     | Noticed Lodul
 13464 | D:10     | Noticed a deep elf pyromancer
 13495 | D:10     | Killed Lodul
 13502 | D:10     | HP: 2/138 [burnt (6)]
 13502 | D:10     | Demolished by an ogre

Illustrated notes

Levels and vault maps discovered:
D:1:      minmay_arrival_loop, layout_rooms, serial_shops, shop, shop, shop,
          nicolae_shop_scrapyard, nicolae_shop_drivethru, minivault_4,
          nicolae_concentric_dashed_squares_wild
D:2:      layout_basic, skrybe_limestone_x, chequers_serial_rivers_large_a,
          uniq_sigmund
D:3:      layout_basic, zin_academy, regret_index_xom_buried_treasure,
          biasface_ghost_orc_armoury
D:4:      layout_basic, serial_shops,
          nicolae_shop_temple_entry_statues_fountains
D:5:      layout_gridville, minmay_temple_entry_mini_moons
D:6:      layout_rooms, marbit_many_paths
D:7:      layout_basic, kennysheep_little_box, minmay_manual_mullet
D:8:      lemuel_slime, layout_loops_ring, old_standard_altar,
          grunt_qazlal_sundering, serial_shops, nicolae_shop_window_shopping,
          kennysheep_generic_room_8
D:9:      layout_long_grid, mainiacjoe_overflow_24_doors, serial_shops,
          nicolae_inconvenience_store, grunt_ministairs_2,
          nicolae_houndstooth_variations
D:10:     minmay_the_grid_triangle_9x9_recursive_2
          [minmay_the_grid_triangle_9x9_prize_top_heavy,
          minmay_the_grid_triangle_9x9_limited_checkers,
          minmay_the_grid_triangle_9x9_flanged_cone,
          minmay_the_grid_triangle_9x9_warning], layout_irregular_city,
          minmay_orc_entry_temple_small, amcnicky_mini_pool_small, uniq_lodul
D:11:     layout_basic, lair_entry_dummy, uniq_psyche
D:12:     layout_small_grid, minivault_12
Temple:   regret_index_temple_waves

Skill      XL: |  1  2  3  4  5  6  7  8  9 10 |
---------------+-------------------------------+-----
Stealth        | 2 |  2.4
Dodging        | 2 3 4 5 7 8 |  8.4
Fighting       | 1 2 3 4 5 8 10 | 10.8
Necromancy     | 5 6 7 9 10 | 10.7
Spellcasting   | 3 4 5 7 8 |  8.4

Action                     |  1- 3 |  4- 6 |  7- 9 | 10-12 || total
---------------------------+-------+-------+-------+-------++-------
  Melee: Hand axe          |    11 |       |       |       ||    11
         Punch             |     1 |       |     2 |       ||     3
         Long sword        |     3 |       |       |       ||     3
         Dagger            |       |    18 |     9 |       ||    27
         Tailslap          |       |     3 |    27 |    23 ||    53
         Spear             |       |       |   131 |    99 ||   230
         Mace              |       |       |       |    22 ||    22
   Cast: Necrotise         |    96 |    74 |    95 |    17 ||   282
         Vampiric Draining |       |     5 |    64 |    39 ||   108
         Curse of Agony    |       |       |     1 |     4 ||     5
         Dispel Undead     |       |       |       |     5 ||     5
    Use: Potion            |       |       |       |     1 ||     1
   Stab: Paralysed         |       |     1 |    20 |    22 ||    43
         Sleeping          |       |       |     1 |       ||     1
 Armour: Robe              |    32 |    24 |    61 |       ||   117
         Steam dragon scal |       |       |    20 |    88 ||   108
  Dodge: Dodged            |    46 |    17 |    95 |    90 ||   248
  Block: Buckler           |       |       |    26 |    35 ||    61
